 Dungeon Crawl Stone Soup version 0.20.1-1-g8b1a95d (webtiles) character file.

361 HammerPanzer the Cudgeler (level 6, -6/49 HPs)
             Began as a Demonspawn Berserker on Oct 27, 2017.
             Was a Priest of Trog.
             Mangled by an ogre
             ... wielding a cursed -2 giant club
              (8 damage)
             ... on level 4 of the Dungeon.
             The game lasted 00:12:00 (3778 turns).

HammerPanzer the Cudgeler (Demonspawn Berserker)    Turns: 3778, Time: 00:12:01

Health: -6/49      AC:  9    Str: 19    XL:     6   Next: 38%
Magic:  6/6        EV: 10    Int:  9    God:    Trog [***...]
Gold:   206        SH:  4    Dex: 12    Spells: 5/5 levels left

rFire    . . .     SeeInvis .   a - +1 mace
rCold    . . .     Gourm    .   (no shield)
rNeg     . . .     Faith    .   j - +0 ring mail (curse)
rPois    .         Spirit   .   t - +2 helmet
rElec    .         Reflect  .   k - +0 cloak
rCorr    .         Harm     .   (no gloves)
MR       .....                  (no boots)
Stlth    ++........             q - amulet of inaccuracy (curse)
Regen    0.2/turn               (no ring)
MPRegen  0.1/turn               (no ring)

@: heavily drained
A: talons 1, large bone plates 1, nightstalker 1, rot immunity
a: Berserk, Trog's Hand, Burn Spellbooks, Renounce Religion


You were on level 4 of the Dungeon.
You worshipped Trog.
Trog was most pleased with you.
You were hungry.

You visited 1 branch of the dungeon, and saw 5 of its levels.

You collected 206 gold pieces.

Inventory:

Hand Weapons
 a - a +1 mace (weapon)
Armour
 j - a cursed +0 ring mail (worn)
 k - a +0 cloak (worn)
 n - the +1 scale mail "Xifot" {Str+4 Dex+2, unknown}
   (You found it on level 4 of the Dungeon)

   It affects your strength (+4).
   It affects your dexterity (+2).
 t - a +2 helmet (worn)
Jewellery
 o - an uncursed amulet of harm
 q - a cursed amulet of inaccuracy (around neck)
Wands
 l - a wand of iceblast (7/15)
Scrolls
 f - a scroll of enchant armour
 r - a scroll of fear
Potions
 d - 3 potions of curing
 e - 2 potions of brilliance
 g - a potion of heal wounds {unknown}
 h - a potion of might
 m - a potion of flight {unknown}
 s - 2 potions of haste
Comestibles
 c - 3 bread rations
 i - 2 meat rations


   Skills:
 + Level 4.7(3.4) Fighting
 * Level 5.6(4.3) Maces & Flails
 - Level 1.7(0.5) Armour
 - Level 1.8(0.6) Dodging


You had 5 spell levels left.
You didn't know any spells.

Dungeon Overview and Level Annotations

Branches:
Dungeon (5/15)
 Temple: D:4-7

Altars:
Elyvilon
Hepliaklqana
Ru
Sif Muna
Vehumet

Annotations:
D:4 Eustachio


Innate Abilities, Weirdness & Mutations

You have sharp toenails.
You are partially covered in large bone plates. (SH +4)
You are slightly more attuned to the shadows.
You are immune to rotting.


Message History

The ogre hits you with a giant club!
You sock the ogre!
The ogre is heavily wounded.
The ogre closely misses you.
You barely miss the ogre. You claw the ogre.
The ogre is heavily wounded.
The ogre hits you with a giant club!
You closely miss the ogre.
The ogre is heavily wounded.
The ogre hits you with a giant club!
You thump the ogre! You claw the ogre.
The ogre is almost dead.
The ogre hits you with a giant club!
* * * LOW HITPOINT WARNING * * *
You barely miss the ogre.
The ogre is almost dead.
You hit the ogre but do no damage. Your kick misses the ogre.
The ogre is almost dead.
The ogre hits you with a giant club!
You die...

# #. #....#
♣♣♣♣♣ #
#..#....#
#####♣♣♣.♣..
# #.#....#
#...#♣..♣.P.
# ###..#'###
#..)'.♣♣♣♣PP
.........#
#)..#♣♣ ♣♣P
.........#
##### ♣♣
.........#
.........#
......@..#
......O......
.........##..
.........# .
.........#
..######## ..


You could see an ogre.

Vanquished Creatures
  Sigmund (D:2)
  Crazy Yiuf (D:4)
  Robin (D:3)
  A howler monkey skeleton (D:4)
  2 adders
  3 gnolls (D:4)
  An ooze (D:1)
  4 worms
  5 leopard geckos
  5 orcs (D:3)
  3 bats (D:1)
  6 giant cockroaches
  19 goblins
  12 hobgoblins
  3 jackals (D:1)
  6 kobolds
  A quokka (D:3)
  A ball python (D:1)
  9 frilled lizards
  A leopard gecko skeleton (D:4)
  5 rats
90 creatures vanquished.

Notes
Turn   | Place    | Note
-------+----------+-------------------------------------------
     0 | D:1      | HammerPanzer the Demonspawn Berserker began the quest for the Orb.
     0 | D:1      | Reached XP level 1. HP: 18/18 MP: 1/1
    98 | D:1      | Reached skill level 3 in Maces & Flails
   174 | D:1      | Gained mutation: You have sharp toenails. [demonic ancestry]
   174 | D:1      | Reached XP level 2. HP: 23/24 MP: 2/2
   477 | D:1      | Reached XP level 3. HP: 29/29 MP: 3/3
  1106 | D:2      | Reached ** piety under Trog
  1477 | D:2      | Noticed Sigmund
  1484 | D:2      | Killed Sigmund
  1484 | D:2      | Reached skill level 5 in Maces & Flails
  1484 | D:2      | Gained mutation: You are immune to rotting. [demonic ancestry]
  1484 | D:2      | Reached XP level 4. HP: 38/38 MP: 4/4
  1484 | D:2      | Gained mutation: You are slightly more attuned to the shadows. [demonic ancestry]
  1484 | D:2      | Reached XP level 5. HP: 43/43 MP: 5/5
  1499 | D:2      | Found a radiant altar of Vehumet.
  1741 | D:3      | Noticed Robin
  1756 | D:3      | Killed Robin
  1883 | D:3      | Found a hazy altar of Hepliaklqana.
  1883 | D:3      | Found a sacrificial altar of Ru.
  1904 | D:3      | Found a white marble altar of Elyvilon.
  2239 | D:3      | Gained mutation: You are partially covered in large bone plates. (SH +4) [demonic ancestry]
  2239 | D:3      | Reached XP level 6. HP: 49/49 MP: 6/6
  2397 | D:4      | Got a polished scale mail
  2467 | D:3      | Reached *** piety under Trog
  3018 | D:4      | Found a deep blue altar of Sif Muna.
  3142 | D:4      | Noticed Eustachio
  3176 | D:5      | Entered Level 5 of the Dungeon
  3633 | D:4      | Found a runed door.
  3637 | D:4      | Noticed Crazy Yiuf
  3647 | D:4      | Killed Crazy Yiuf
  3776 | D:4      | HP: 2/49 [ogre/giant club (16)]
  3778 | D:4      | Mangled by an ogre

Skill      XL: |  1  2  3 |
---------------+----------+-----
Maces & Flails | 3 5 |  5.6
Fighting       | 4 |  4.7
Armour         | |  1.7
Dodging        | |  1.8

Action                   |  1- 3 |  4- 6 || total
-------------------------+-------+-------++-------
Melee: Mace              |   127 |   203 ||   330
       Kick              |    27 |    49 ||    76
Invok: Berserk           |     1 |     4 ||     5
  Use: Scroll            |       |    10 ||    10
  Eat: Chunk             |     2 |     9 ||    11
       Royal jelly       |       |     1 ||     1
       Fruit             |       |     1 ||     1
Armor: Animal skin       |     4 |       ||     4
       Ring mail         |    32 |    79 ||   111
Dodge: Dodged            |    82 |   111 ||   193
Block: Other             |       |    12 ||    12
